 Dungeon Crawl Stone Soup version 0.25-a0-577-ga4619f409e (webtiles) character file.

Game seed: 8623903412505540194, levelgen mode: deterministic

13885 Baboonidas the Covert (level 12, -1/70 HPs)
             Began as a Kobold Monk on Mar 2, 2020.
             Was the Champion of Wu Jian.
             Slain by Jorgrun
             ... wielding a +0 vorpal quarterstaff
              (6 damage)
             ... while petrified by Jorgrun
             ... on level 2 of the Orcish Mines.
             The game lasted 01:14:09 (11826 turns).

Baboonidas the Covert (Kobold Monk)                Turns: 11826, Time: 01:14:10

Health: -1/70      AC: 18    Str: 17    XL:     12   Next: 38%
Magic:  16/16      EV:  0    Int: 11    God:    Wu Jian [******]
Gold:   702        SH:  0    Dex: 21    Spells: 14/14 levels left

rFire    . . .     SeeInvis .   H - +2 dagger (venom)
rCold    + . .     Gourm    .   (shield restricted)
rNeg     + + +     Faith    .   E - +5 ring mail of the Skies Above {rPois Str+4 Dex+3}
rPois    ∞         Spirit   .   q - +0 helmet
rElec    .         Reflect  .   h - +2 cloak
rCorr    .         Harm     .   (no gloves)
MR       .....     Rnd*Rage +   C - +1 pair of boots
Stlth    +++++.....             N - amulet of the acrobat
HPRegen  0.21/turn              f - +4 ring of evasion
MPRegen  0.15/turn              J - ring of poison resistance

@: petrified, grasped by roots, constricted
A: small, berserk 1, carnivore, cold resistance 1
a: Wall Jump, Serpent's Lash, Heavenly Storm, Renounce Religion


You were on level 2 of the Orcish Mines.
You worshipped Wu Jian.
Wu Jian was exalted by your worship.
You were completely stuffed.

You visited 3 branches of the dungeon, and saw 13 of its levels.

You collected 882 gold pieces.
You spent 180 gold pieces at shops.

Inventory:

Hand Weapons
 n - a +3 dagger
 r - a +1 short sword of holy wrath
 H - a +2 dagger of venom (weapon)
 T - a +0 short sword of electrocution
Missiles
 d - 16 boomerangs
 s - 76 bolts
 t - 112 poisoned darts (quivered)
Armour
 h - a +2 cloak (worn)
 q - a +0 helmet (worn)
 C - a +1 pair of boots (worn)
 E - the +5 ring mail of the Skies Above (worn) {rPois Str+4 Dex+3}
   (You bought it in a shop on level 5 of the Dungeon)

   It affects your strength (+4).
   It affects your dexterity (+3).
   It protects you from poison.
   If you remove this armour, your AC will decrease by 12 (18 -> 6).
Jewellery
 f - a +4 ring of evasion (left hand)
 i - an uncursed ring of magical power
 y - an uncursed ring of protection from cold
 J - a ring of poison resistance (right hand)
 N - an amulet of the acrobat (around neck)
Wands
 g - a wand of digging (12)
 x - a wand of polymorph (11)
 D - a wand of clouds (3)
 G - a wand of disintegration (7)
 I - a wand of acid (4)
 O - a wand of enslavement (7)
Scrolls
 a - a scroll of identify
 e - a scroll of enchant armour
 j - 2 scrolls of enchant weapon {unknown}
 l - a scroll of brand weapon {unknown}
 m - 2 scrolls of noise {unknown}
 o - a scroll of fog {unknown}
 p - 3 scrolls of remove curse
 u - 2 scrolls of fear {unknown}
 w - 7 scrolls of teleportation
 A - 3 scrolls of magic mapping {unknown}
 F - 2 scrolls of immolation {unknown}
 L - a scroll of amnesia {unknown}
 M - a scroll of blinking {unknown}
Potions
 b - a potion of might
 k - 3 potions of curing
 z - 3 potions of flight
 B - 2 potions of stabbing
 R - a potion of ambrosia
Comestibles
 c - 15 rations
 v - 2 chunks of flesh


   Skills:
 + Level 6.2 Fighting
 * Level 12.6 Short Blades
 + Level 3.6 Throwing
 * Level 6.0 Armour
 * Level 9.9 Dodging
 * Level 14.0 Stealth
 + Level 1.9 Spellcasting
 + Level 6.0 Evocations


You had 14 spell levels left.
You didn't know any spells.
Your spell library contained the following spells:

 Spells                   Type           Power        Failure   Level  Hunger
 Summon Small Mammal      Summ           #...         45%         1    ##.....
 Call Imp                 Summ           #.......     58%         2    ###....
 Call Canine Familiar     Summ           #.......     83%         3    ####...
 Summon Guardian Golem    Hex/Summ       #.......     83%         3    ####...
 Summon Ice Beast         Ice/Summ       #.......     99%         4    #####..
 Summon Lightning Spire   Summ/Air       #.......     99%         4    #####..


Dungeon Overview and Level Annotations

Branches:
Dungeon (10/15)            Temple (1/1) D:6            Lair (0/6) D:8
    Orc (2/2) D:10
    Elf: Orc:2

Altars:
Cheibriados
Gozag
Hepliaklqana
Kikubaaqudgha
Makhleb
Qazlal
Trog
Uskayaw
Vehumet
Wu Jian
Xom
Yredelemnul
Zin
Beogh

Shops:
D:5 [%   D:10 *

Annotations:
Orc:2 Jorgrun


Innate Abilities, Weirdness & Mutations

You are small and have problems with some larger weapons.
You are carnivorous and can eat meat at any time.
You tend to lose your temper in combat.
Your flesh is cold resistant. (rC+)


Message History

The magic dart hits you.
Your limbs are stiffening.
There is a stone staircase leading up here.
You hear some strange, mumbled words.
Roots burst forth from the earth!
The grasping roots grab you!
* * * LOW HITPOINT WARNING * * *
You are constricted!
The orc wizard hits you but does no damage.
* * * LOW HITPOINT WARNING * * *
You are constricted.
The orc wizard misses you.
You have turned to stone.
* * * LOW HITPOINT WARNING * * *
You are constricted!
The orc wizard hits you but does no damage.
* * * LOW HITPOINT WARNING * * *
You are constricted!
The orc wizard hits you but does no damage.
The orc warrior throws a silver boomerang.
The silver boomerang hits you but does no damage.
The silver sears you!
You die...

..............#
..o...........##
..........$....#
........†.....#
......(.......#
...#...).....##
......))).....##
........o).....#
.......o@.....##
.......).......#
...............#
##.............#
#.............#
#.............#
#............##
#......#......#
#.....# .....##


You could see an orc warrior and 2 orc wizards.

Vanquished Creatures
  A two-headed ogre (D:5)
  An unseen horror (D:10)
  Pikel (D:8)
  An orc knight (Orc:1)
  An orc sorcerer (Orc:1)
  Joseph (D:10)
  Maurice (D:10)
  Maggie (D:8)
  A kobold demonologist (D:10)
  2 trolls
  4 hippogriffs
  A wyvern (D:6)
  A spriggan (D:8)
  A wraith (D:10)
  A yak (D:8)
  3 hungry ghosts
  3 wargs
  2 water moccasins
  3 sky beasts
  3 porcupines (D:8)
  20 orc warriors
  A slave (D:8)
  2 black bears
  An ice beast (D:6)
  A necrophage (D:10)
  4 ogres
  4 centaurs
  A phantom (D:8)
  A crocodile (D:8)
  9 big kobolds (D:10)
  2 gnoll sergeants (D:10)
  9 bullfrogs
  5 scorpions
  6 killer bees (D:10)
  3 wights (D:10)
  3 howler monkeys
  2 crimson imps
  A centaur zombie (D:7)
  A bullfrog zombie (D:10)
  13 orc priests
  3 hounds
  2 centaur skeletons
  13 orc wizards
  A bullfrog skeleton (D:4)
  An iguana (D:6)
  7 worker ants
  A hound zombie (D:8)
  A worker ant zombie (D:5)
  5 gnolls
  A howler monkey skeleton (D:10)
  10 adders
  3 shadow imps
  3 oozes
  An adder skeleton (D:9)
  2 worms
  A dart slug (D:2)
  5 leopard geckos
  75 orcs
  4 ball pythons
  A giant cockroach (D:1)
  5 goblins
  8 hobgoblins
  11 jackals
  4 quokkas
  7 bats
  3 frilled lizards
  A jackal skeleton (D:4)
  37 kobolds
  10 kobold skeletons (D:10)
  8 kobold zombies (D:10)
  A leopard gecko skeleton (D:4)
  3 rats
  A plant (D:8)
361 creatures vanquished.

Vanquished Creatures (others)
  7 fungi (D:8)
7 creatures vanquished.

Grand Total: 368 creatures vanquished

Notes
Turn   | Place    | Note
-------+----------+-------------------------------------------
     0 | D:1      | Baboonidas the Kobold Monk began the quest for the Orb.
     0 | D:1      | Reached XP level 1. HP: 14/14 MP: 1/1
    84 | D:1      | Reached XP level 2. HP: 7/19 MP: 2/2
   985 | D:1      | Reached XP level 3. HP: 20/23 MP: 3/3
  1022 | D:1      | Reached skill level 3 in Stealth
  1639 | D:2      | Reached XP level 4. HP: 17/28 MP: 4/4
  2360 | D:3      | Found a bloodstained altar of Trog.
  2361 | D:3      | Reached skill level 5 in Short Blades
  2361 | D:3      | Reached skill level 1 in Throwing
  2361 | D:3      | Reached skill level 1 in Armour
  2361 | D:3      | Reached XP level 5. HP: 32/32 MP: 5/5
  2363 | D:3      | Found a snail-covered altar of Cheibriados.
  2364 | D:3      | Found a radiant altar of Vehumet.
  2503 | D:3      | Found an ornate altar of the Wu Jian Council.
  2512 | D:3      | Became a worshipper of the Wu Jian Council
  2512 | D:3      | Reached * piety under Wu Jian
  2512 | D:3      | Reached ** piety under Wu Jian
  2554 | D:3      | Found a hazy altar of Hepliaklqana.
  2591 | D:3      | Reached skill level 4 in Stealth
  2688 | D:3      | Reached skill level 1 in Spellcasting
  2746 | D:4      | Found a shimmering altar of Xom.
  2748 | D:4      | Found a shimmering altar of Xom.
  2773 | D:4      | Reached XP level 6. HP: 18/37 MP: 7/7
  3081 | D:4      | Found a shimmering altar of Xom.
  3091 | D:4      | Found a shimmering altar of Xom.
  3097 | D:4      | Noticed an ogre
  3108 | D:4      | Reached skill level 5 in Stealth
  3120 | D:4      | Killed an ogre
  3470 | D:5      | Entered Level 5 of the Dungeon
  3528 | D:5      | Noticed a sky beast
  3548 | D:5      | Killed a sky beast
  3548 | D:5      | Reached XP level 7. HP: 20/42 MP: 7/9
  3944 | D:5      | Reached skill level 5 in Dodging
  4008 | D:5      | Reached skill level 6 in Stealth
  4057 | D:5      | Found a stormy altar of Qazlal.
  4124 | D:5      | Found Iterghun's Food Emporium.
  4319 | D:5      | Found Ceugyito's Antique Armour Shoppe.
  4323 | D:5      | Bought a jewelled ring mail for 180 gold pieces
  4333 | D:5      | Identified the +5 ring mail of the Skies Above {rPois Str+4
                  | Dex+3} (You bought it in a shop on level 5 of the Dungeon)
  4374 | D:5      | Found a basalt altar of Yredelemnul.
  4375 | D:5      | Reached skill level 1 in Evocations
  4375 | D:5      | Reached XP level 8. HP: 48/48 MP: 10/10
  4394 | D:5      | Noticed a two-headed ogre
  4409 | D:5      | Killed a two-headed ogre
  4409 | D:5      | Reached skill level 7 in Stealth
  4693 | D:6      | Reached XP level 9. HP: 52/52 MP: 11/11
  4694 | D:6      | Reached *** piety under Wu Jian
  4992 | D:6      | Reached skill level 8 in Stealth
  5585 | D:6      | Found a runed translucent door.
  6199 | D:5      | Reached skill level 9 in Stealth
  6637 | D:6      | Found a roughly hewn altar of Beogh.
  6700 | D:7      | Noticed a hippogriff
  6706 | D:7      | Killed a hippogriff
  6706 | D:7      | Reached skill level 10 in Short Blades
  6720 | D:7      | Reached **** piety under Wu Jian
  6830 | D:6      | Reached XP level 10. HP: 57/58 MP: 13/13
  7080 | D:6      | Found a staircase to the Ecumenical Temple.
  7089 | Temple   | Entered the Ecumenical Temple
  7106 | D:6      | Reached skill level 5 in Evocations
  7319 | D:7      | Found the +10 Black Knight's horse barding {ponderous,
                  | rPois rN+}
  7501 | D:7      | Reached skill level 10 in Stealth
  7706 | D:7      | Found a burning altar of Makhleb.
  8035 | D:8      | Found a staircase to the Lair.
  8509 | D:8      | Noticed Pikel
  8543 | D:8      | Killed Pikel
  8543 | D:8      | Reached skill level 11 in Stealth
  8858 | D:8      | Found an opulent altar of Gozag.
  8858 | D:8      | Found a glowing silver altar of Zin.
  9018 | D:8      | Noticed Maggie
  9020 | D:8      | Killed Maggie
  9020 | D:8      | Reached XP level 11. HP: 62/62 MP: 15/15
  9334 | D:9      | Reached skill level 5 in Fighting
  9443 | D:9      | Reached ***** piety under Wu Jian
  9632 | D:9      | Found a hide-covered altar of Uskayaw.
  9825 | D:10     | Entered Level 10 of the Dungeon
  9849 | D:10     | Noticed Joseph
  9896 | D:10     | Killed Joseph
  9896 | D:10     | Reached skill level 5 in Armour
  9896 | D:10     | Reached skill level 12 in Stealth
 10224 | D:10     | Got a brightly glowing leather armour
 10230 | D:10     | Found a staircase to the Orcish Mines.
 10279 | Orc:1    | Entered Level 1 of the Orcish Mines
 10279 | Orc:1    | Noticed an orc knight
 10292 | Orc:1    | Killed an orc knight
 10532 | D:10     | Noticed Maurice
 10565 | D:10     | Killed Maurice
 10565 | D:10     | Reached skill level 13 in Stealth
 10593 | D:10     | Found Agro Fiurch's Serpentskin Sales.
 10761 | D:10     | Found an ancient bone altar of Kikubaaqudgha.
 10768 | D:10     | Reached XP level 12. HP: 69/69 MP: 16/16
 10770 | D:10     | Reached ****** piety under Wu Jian
 10968 | D:10     | Killed an unseen horror
 11211 | D:10     | Got a dull robe
 11326 | D:10     | Identified the +3 leather armour "Melifudi" {rElec rC+
                  | Str-4 Dex+5} (You found it on level 10 of the Dungeon)
 11336 | D:10     | Identified the cursed +0 robe "Gegh" {rF+ MR+ Int-5} (You
                  | found it on level 10 of the Dungeon)
 11364 | Orc:1    | Gained mutation: You tend to lose your temper in combat.
                  | [potion of mutation]
 11364 | Orc:1    | Gained mutation: Your flesh is cold resistant. (rC+)
                  | [potion of mutation]
 11379 | Orc:1    | Found a roughly hewn altar of Beogh.
 11737 | Orc:2    | Entered Level 2 of the Orcish Mines
 11741 | Orc:2    | Reached skill level 14 in Stealth
 11818 | Orc:2    | Noticed Jorgrun
 11826 | Orc:2    | Slain by Jorgrun

Levels and vault maps discovered:
D:1:      dpeg_arrival_chase, layout_loops_cross, minmay_misc_feat_iff
D:2:      layout_loops_cross, first_ration
D:3:      layout_loops_ring, lemuel_crystal_altar, grunt_temple_overflow_open,
          old_standard_altar
D:4:      layout_basic, xom_redecorated
D:5:      layout_loops_corners, overflow_temple_1_default, serial_shops,
          nicolae_shop_window_shopping, shop, nicolae_qazlal_eye_of_the_storm
D:6:      layout_loops_ring, minmay_temple_entry_trees, lightli_church_of_beogh
D:7:      layout_cave_pools, lemuel_doored_altar
D:8:      layout_basic, grunt_temple_overflow_gold_and_silver,
          due_lair_maze_entry_diamond, serial_curves, eino_curves_03,
          eino_curves_03, the_bakery, uniq_maggie, uniq_pikel
D:9:      layout_small_grid, lemuel_round_altar, kennysheep_generic_room_3
D:10:     wander_kiku_kobolds, layout_rooms,
          kennysheep_orc_monster_closet_entryway, guppyfry_shop_venom,
          uniq_maurice, uniq_joseph
Temple:   minmay_temple_curvy_loop
Orc:1:    layout_diamond_mine, basic_altar
Orc:2:    st_orc_ogre_mass, layout_caves, basic_altar, minmay_orc_temple_c,
          uniq_jorgrun

Skill      XL: |  1  2  3  4  5  6  7  8  9 10 11 12 |
---------------+-------------------------------------+-----
Dodging        | 4 5 6 7 8 9 |  9.9
Stealth        | 3 4 5 6 7 9 11 13 14 | 14.0
Short Blades   | 5 6 7 8 10 11 12 | 12.6
Throwing       | 1 2 3 |  3.6
Armour         | 1 2 3 4 5 6 |  6.0
Spellcasting   | 1 |  1.9
Evocations     | 1 2 4 5 6 |  6.0
Fighting       | 4 5 6 |  6.2

Action                   |  1- 3 |  4- 6 |  7- 9 | 10-12 || total
-------------------------+-------+-------+-------+-------++-------
Melee: Short sword       |   176 |   164 |   366 |   257 ||   963
       Dagger            |       |     6 |       |   753 ||   759
Throw: Dart              |       |     3 |    28 |    28 ||    59
Invok: Lunge             |       |     6 |    34 |    69 ||   109
       Whirlwind         |       |       |    17 |    84 ||   101
       Serpent's Lash    |       |       |     2 |     1 ||     3
 Abil: Wall Jump         |       |     1 |     7 |    13 ||    21
Evoke: Wand              |       |       |       |     8 ||     8
  Use: Scroll            |       |     7 |     7 |     5 ||    19
       Potion            |       |     3 |     6 |     5 ||    14
 Stab: Sleeping          |     7 |    13 |    16 |    33 ||    69
       Distracted        |       |       |       |     1 ||     1
       Invisible         |       |       |       |    15 ||    15
  Eat: Chunk             |    10 |     5 |    10 |    25 ||    50
Armor: Robe              |    16 |     8 |     3 |       ||    27
       Ring mail         |       |       |    26 |   125 ||   151
Dodge: Dodged            |   162 |    93 |   190 |   609 ||  1054

Table legend:
 A = Non-vault XP
 B = Vault XP
 C = Vault XP percentage of total XP
 D = Non-vault monster count
 E = Vault monster count
 F = Vault count percentage of total count
                 A         B        C        D         E       F
            +---------+---------+-------+---------+---------+-------
      Total |   13133 |    6704 |  33.8 |     245 |     114 |  31.8
            +---------+---------+-------+---------+---------+-------
        D:1 |      48 |       0 |   0.0 |      27 |       0 |   0.0
        D:2 |      59 |       0 |   0.0 |      20 |       0 |   0.0
        D:3 |     130 |       0 |   0.0 |      14 |       0 |   0.0
        D:4 |     277 |       0 |   0.0 |      13 |       0 |   0.0
        D:5 |    1423 |     325 |  18.6 |      23 |       8 |  25.8
        D:6 |    1913 |     139 |   6.8 |      34 |      17 |  33.3
        D:7 |     901 |       0 |   0.0 |      19 |       0 |   0.0
        D:8 |     185 |    2467 |  93.0 |       8 |      13 |  61.9
        D:9 |     965 |       5 |   0.5 |      12 |       1 |   7.7
       D:10 |    3357 |    3768 |  52.9 |      29 |      75 |  72.1
      Orc:1 |    3350 |       0 |   0.0 |      34 |       0 |   0.0
      Orc:2 |     525 |       0 |   0.0 |      12 |       0 |   0.0
            +---------+---------+-------+---------+---------+-------
